 Dungeon Crawl Stone Soup version 0.30.1-1-g62c8e00024 (webtiles) character file.

Game seed: 11587194836080884226

3536 diecastcamel the Spear-Bearer (level 10, -2/79 HPs)
             Began as a Merfolk Gladiator on July 14, 2023.
             Was a Believer of Fedhas.
             Slain by a sun demon (19 damage)
             ... summoned by a kobold demonologist
             ... on level 8 of the Dungeon on July 17, 2023.
             The game lasted 00:44:16 (8353 turns).

diecastcamel the Spear-Bearer (Merfolk Gladiator)   Turns: 8353, Time: 00:44:24

Health: -2/79      AC: 17    Str: 18    XL:     10   Next: 8%
Magic:  10/11      EV: 15    Int:  7    God:    Fedhas [**....]
Gold:   462        SH:  5    Dex: 17    Spells: 9/9 levels left

rFire   . . .        L - +2 halberd (venom)
rCold   . . .        (shield currently unavailable)
rNeg    + . .        v - +3 ring mail of Monotheism {rCorr Str-2 Dex+2 Stlth+}
rPois   +            c - +0 helmet
rElec   .            t - +1 cloak {rPois}
rCorr   +            C - +2 pair of gloves
SInv    .            u - +1 pair of boots
Will    .....        R - amulet of reflection
Stlth   ++           p - ring of positive energy
HPRegen 0.33/turn    (no ring)
MPRegen 0.12/turn

%: reflection
@: no status effects
A: (nimble swimmer 2), mertail
a: Renounce Religion, Wall of Briars


You were on level 8 of the Dungeon.
You worshipped Fedhas.
Fedhas was pleased with you.
You visited 1 branch of the dungeon, and saw 9 of its levels.

You collected 462 gold pieces.

Inventory:

Hand Weapons
 a - a +1 trident
 L - a +2 halberd of venom (weapon)
Missiles
 d - a throwing net
 g - a javelin
 n - 42 stones
 x - 3 boomerangs
 F - 4 curare-tipped darts
 H - 5 poisoned darts (quivered)
Armour
 b - a +0 leather armour
 c - a +0 helmet (worn)
 k - a +0 buckler
 t - a +1 cloak of poison resistance (worn)
 u - a +1 pair of boots (worn)
 v - the +3 ring mail of Monotheism (worn) {rCorr Str-2 Dex+2 Stlth+}
   (You found it on level 3 of the Dungeon)

   Str:       It affects your strength (-2).
   Dex:       It affects your dexterity (+2).
   rCorr:     It protects you from acid and corrosion.
   Stlth:     It makes you more stealthy.
 C - a +2 pair of gloves (worn)
Jewellery
 p - a ring of positive energy (left hand)
 R - an amulet of reflection (around neck)
Wands
 e - a wand of flame (26)
 j - a wand of digging (5)
 y - a wand of acid (2)
 J - a wand of iceblast (29)
 O - a wand of polymorph (9)
Scrolls
 f - 6 scrolls of enchant weapon
 h - 3 scrolls of immolation
 q - 2 scrolls of teleportation
 r - 7 scrolls of magic mapping
 w - a scroll of fog {unknown}
 A - a scroll of torment {unknown}
 E - a scroll of poison
 K - a scroll of silence {unknown}
 N - a scroll of summoning {unknown}
 P - a scroll of identify
Potions
 i - 2 potions of lignification
 l - 2 potions of degeneration {unknown}
 m - 3 potions of invisibility
 o - a potion of brilliance {unknown}
 s - a potion of ambrosia {unknown}
 z - a potion of curing {unknown}
 B - a potion of attraction {unknown}
 D - a potion of flight {unknown}
 G - 4 potions of heal wounds
 I - 2 potions of might {unknown}
 M - a potion of haste {unknown}
 Q - 2 potions of mutation {unknown}


   Skills:
 + Level 7.6 Fighting
 + Level 10.8 Polearms
 - Level 2.8 Throwing
 + Level 3.6 Armour
 + Level 7.7 Dodging
 - Level 4.0 Shields
 + Level 1.5 Invocations
 - Level 4.0 Evocations


You had 9 spell levels left.
You didn't know any spells.
Your spell library contained the following spells:

 Spells                   Type           Power      Damage    Failure   Level
 Dazzling Flash           Conj/Hex       0%         N/A       94%         3
 Vhi's Electric Charge    Tloc/Air       0%         N/A       94%         3
 Cause Fear               Hex            0%         N/A       100%        4
 Agony                    Necr           0%         N/A       100%        5
 Arcjolt                  Conj/Air       0%         1d10      100%        5
 Silence                  Hex/Air        0%         N/A       100%        5
 Dragon Form              Tmut           0%         N/A       100%        7
 Maxwell's Capacitive Co  Air            0%         ∞         100%        8
 Dragon's Call            Summ           0%         N/A       100%        9


Dungeon Overview and Level Annotations

Branches:
Dungeon (9/15)             Temple (0/1) D:6
   Lair: D:8-11         Orc: D:9-12

Altars:
Fedhas
Makhleb
Qazlal
Ru
Xom
Lugonu

Portals:
Abyss: D:4*

Annotations:
D:4 2 transporters, Sanktem7's ghost, novice MiFi


Innate Abilities, Weirdness & Mutations

((You are very nimble when in or above water. (Stealth+, EV+, Speed+++)))
Your lower body shifts to a powerful aquatic tail in water.


Message History

The yak closely misses you.
You barely miss the yak.
The yak is heavily wounded.
The hellwing hits you but does no damage.
The hellwing barely misses you. The yak gores you but does no damage.
You closely miss the yak.
The yak is heavily wounded.
The hellwing hits you! You block the hellwing's attack. The yak gores you!
The kobold demonologist looks encouraged for a moment.
You hit the yak but do no damage.
The yak looks as sick as possible!
The yak is heavily wounded.
The hellwing hits you. x2; The yak misses you.
You impale the yak!!
You kill the yak!
Fedhas appreciates your contribution to the ecosystem.
The hellwing barely misses you. x2
You hit the sun demon.
The sun demon is lightly wounded.
You block the sun demon's attack.
The hellwing hits you but does no damage. x2
You puncture the sun demon!
The sun demon is moderately wounded.
The sun demon misses you.
The hellwing hits you but does no damage. x2
The sun demon completely misses you.
You closely miss the sun demon.
The sun demon is moderately wounded.
The hellwing hits you but does no damage.
You block the hellwing's attack. The sun demon closely misses you.
You hit the sun demon but do no damage.
The sun demon is poisoned.
The sun demon is moderately wounded.
The hellwing hits you. x2; The sun demon hits you!
You are engulfed in flames!
You hit the sun demon but do no damage.
The sun demon is moderately wounded.
The hellwing misses you. The hellwing completely misses you.
The sun demon hits you!
* * * LOW HITPOINT WARNING * * *
You are engulfed in flames!!
You die...
Fedhas appreciates your contribution to the ecosystem.

#.##################.....#
####........................##
....)........................#
......#####################..##
......# ##..# ....#[## #..#
...##..# #####.##
...###.##################......#
...#
#.......YK3@4.............##
..##
#........5################.. ..#
#...>.....5.### ##. ..#
##.............## ## ..#
#...............# # .##
#..............## .#
##..............# ##
#...............# #
##..............##


You could see a sun demon (summoned, poisoned), a hellwing (summoned), a kobold
demonologist, a yak and a quasit (summoned).

Vanquished Creatures
  A wyvern (D:8)
  Eustachio (D:4)
  A yak (D:8)
  3 steam dragons
  3 water moccasins
  2 sky beasts
  2 orc warriors
  2 black bears
  2 ogres
  A phantom (D:5)
  A centaur (D:7)
  2 bullfrogs (D:7)
  A gnoll sergeant (D:4)
  3 scorpions
  2 howler monkeys
  A jelly (D:7)
  A gnoll bouda (D:7)
  Crazy Yiuf (D:7)
  5 orc priests
  10 hounds
  2 iguanas
  2 orc wizards
  A sleepcap (D:4)
  Ijyb (D:4)
  Natasha (thrice) (D:2)
  Robin (D:2)
  7 gnolls
  5 adders
  4 shadow imps
  5 white imps
  2 ufetubi
  3 dart slugs
  31 orcs
  8 endoplasms
  7 giant cockroaches
  13 goblins
  4 hobgoblins
  3 quokkas
  5 ball pythons
  5 bats
  4 frilled lizards
  6 kobolds
  6 rats
  A lurking horror (D:4)
174 creatures vanquished.

Vanquished Creatures (others)
  A sleepcap (D:6)
1 creature vanquished.

Grand Total: 175 creatures vanquished

Notes
Turn   | Place    | Note
-------+----------+-------------------------------------------
     0 | D:1      | diecastcamel the Merfolk Gladiator began the quest for the
                  | Orb.
     0 | D:1      | Reached XP level 1. HP: 16/16 MP: 1/1
   168 | D:1      | Reached XP level 2. HP: 20/22 MP: 2/2
   245 | D:1      | Reached skill level 5 in Polearms
   597 | D:1      | Reached XP level 3. HP: 27/27 MP: 3/3
  1165 | D:2      | Found a faded altar of an unknown god.
  1228 | D:2      | Reached skill level 6 in Polearms
  1316 | D:2      | Noticed Natasha
  1331 | D:2      | Killed Natasha
  1332 | D:2      | Reached XP level 4. HP: 15/34 MP: 4/4
  1465 | D:2      | Noticed Natasha
  1517 | D:2      | Killed Natasha
  1518 | D:2      | Reached skill level 1 in Shields
  1624 | D:2      | Noticed Natasha
  1675 | D:2      | HP: 2/51 [Natasha/puff of flame (8)]
  1686 | D:2      | Killed Natasha
  1687 | D:2      | Reached XP level 5. HP: 3/41 MP: 5/5
  1988 | D:2      | Noticed Robin
  2007 | D:2      | Killed Robin
  2277 | D:3      | Identified the +3 ring mail of Monotheism {rCorr Str-2
                  | Dex+2 Stlth+}
  2746 | D:4      | Noticed Ijyb
  2752 | D:4      | Killed Ijyb
  2787 | D:4      | Reached skill level 7 in Polearms
  2791 | D:4      | Found a one-way gate to the infinite horrors of the Abyss.
  2791 | D:4      | Noticed Sanktem7's ghost (novice MiFi)
  2836 | D:4      | Reached XP level 6. HP: 47/47 MP: 6/6
  2960 | D:4      | Noticed Eustachio
  2969 | D:4      | Killed Eustachio
  2970 | D:4      | Reached XP level 7. HP: 55/55 MP: 7/7
  3189 | D:4      | Found a corrupted altar of Lugonu.
  3223 | D:4      | Found a transporter.
  3355 | D:4      | Found a transporter.
  3525 | D:5      | Entered Level 5 of the Dungeon
  3530 | D:5      | Reached skill level 8 in Polearms
  3944 | D:5      | Reached skill level 5 in Fighting
  4080 | D:5      | Reached XP level 8. HP: 62/62 MP: 8/8
  4365 | D:5      | Reached skill level 9 in Polearms
  4365 | D:5      | Reached skill level 1 in Armour
  4783 | D:5      | Found a stormy altar of Qazlal.
  4832 | D:5      | Found a blossoming altar of Fedhas.
  4935 | D:5      | Became a worshipper of Fedhas Madash
  5051 | D:6      | Found a burning altar of Makhleb.
  5292 | D:6      | Reached skill level 5 in Dodging
  5394 | D:6      | Found a sacrificial altar of Ru.
  5619 | D:6      | Reached skill level 1 in Evocations
  5630 | D:6      | Found a staircase to the Ecumenical Temple.
  5652 | D:6      | Identified the +1 long sword "Tystreugu" {venom, SInv}
  5888 | D:6      | Found a shimmering altar of Xom.
  6153 | D:7      | Reached * piety under Fedhas
  6154 | D:7      | Reached XP level 9. HP: 69/69 MP: 9/9
  6576 | D:7      | Found a runed translucent door.
  6577 | D:7      | Noticed Crazy Yiuf
  6917 | D:7      | Reached skill level 10 in Polearms
  7343 | D:7      | Killed Crazy Yiuf
  8077 | D:8      | Reached ** piety under Fedhas
  8082 | D:8      | Reached XP level 10. HP: 75/79 MP: 10/10
  8121 | D:8      | Reached skill level 1 in Invocations
  8327 | D:9      | Noticed a kobold demonologist
  8335 | D:8      | Noticed a sun demon
  8353 | D:8      | Slain by a sun demon

Illustrated notes

Levels and vault maps discovered:
D:1:      dpeg_arrival_tiny_h, layout_basic
D:2:      layout_basic, hellmonk_ecumenical_altar_arch_garden,
          minmay_pentomino_x4, uniq_robin, uniq_natasha
D:3:      layout_rooms
D:4:      layout_rooms, gammafunk_ghost_abyssal_escape,
          amcnicky_altar_lugonu_corruption, uniq_eustachio, uniq_ijyb
D:5:      layout_loops_ring, grunt_temple_overflow_forces_of_nature
D:6:      layout_gridville, nicolae_overflow_crystal_walls,
          mainiacjoe_overflow_chevrons, mainiacjoe_overflow_catwalk,
          minmay_temple_entry_stoned_glass
D:7:      layout_basic, grunt_ministairs_14, minmay_joined_circles,
          uniq_crazy_yiuf_cottage
D:8:      layout_cave_pods
D:9:      layout_irregular_city, nicolae_overflow_hidden_temple

Skill      XL: |  1  2  3  4  5  6  7  8  9 10 |
---------------+-------------------------------+-----
Polearms       | 5 6 7 8 9 10 | 10.8
Shields        | 1 2 3 4 |  4.0
Fighting       | 3 4 5 6 7 |  7.6
Armour         | 2 3 |  3.6
Dodging        | 5 7 |  7.7
Evocations     | 2 4 |  4.0
Invocations    | 1 |  1.5
Throwing       | |  2.8

Action                     |  1- 3 |  4- 6 |  7- 9 | 10-12 || total
---------------------------+-------+-------+-------+-------++-------
  Melee: Trident           |    91 |   118 |   173 |       ||   382
         Halberd           |       |       |   192 |    21 ||   213
  Throw: Javelin           |       |     1 |       |       ||     1
         Stone             |       |     9 |     3 |       ||    12
         Boomerang         |       |    12 |     3 |       ||    15
         Dart              |       |       |    48 |     2 ||    50
         Throwing net      |       |       |     2 |       ||     2
  Evoke: Wand              |       |     9 |     4 |       ||    13
    Use: Scroll            |     4 |     2 |    10 |       ||    16
         Potion            |       |     2 |     1 |       ||     3
   Stab: Sleeping          |     4 |       |     3 |       ||     7
         Distracted        |       |     1 |       |       ||     1
 Armour: Leather armour    |    23 |    10 |       |       ||    33
         Skin              |       |     7 |       |       ||     7
         Ring mail         |       |    11 |    95 |    13 ||   119
  Dodge: Dodged            |    32 |    58 |   138 |    19 ||   247
  Block: Buckler           |     9 |    17 |    29 |       ||    55
         Other             |       |       |     6 |     7 ||    13
